 Dungeon Crawl Stone Soup version 0.28.0-53-g5a82cb258f (webtiles) character file.

Game seed: 11061470392168358496

625 Ijustatesigmund the Stinger (level 7, -3/45 HPs)
             Began as an Octopode Venom Mage on July 18, 2022.
             Slain by a gnoll
             ... wielding a +0 whip
              (6 damage)
             ... on level 5 of the Dungeon.
             The game lasted 00:08:55 (4490 turns).

Ijustatesigmund the Stinger (Octopode Venom Mage)   Turns: 4490, Time: 00:08:55

Health: -3/45      AC:  1    Str: 10    XL:     7   Next: 47%
Magic:  10/10      EV: 18    Int: 19    God:
Gold:   847        SH:  0    Dex: 12    Spells: 4/10 levels left

rFire   . . .      SeeInvis .   d - +7 spear of Zylan {flame, Str+2}
rCold   . . .      Faith    .   (no shield)
rNeg    . . .      Spirit   .   (helmet restricted)
rPois   .          Reflect  .   (no amulet)
rElec   .          Harm     .   f - +4 ring of evasion
rCorr   .          Rampage  .   k - ring of willpower
Will    +....                   (no ring)
Stlth   +.........              (no ring)
HPRegen 0.15/turn               (no ring)
MPRegen 0.12/turn               (no ring)
                                (no ring)
                                (no ring)

@: mighty, lit by a corona, glowing
A: almost no armour, amphibious, 8 rings, camouflage 1, gelatinous body 1,
(nimble swimmer 1), tentacles
a: no special abilities


You were on level 5 of the Dungeon.
You visited 1 branch of the dungeon, and saw 5 of its levels.

You collected 1007 gold pieces.
You spent 160 gold pieces at shops.

Inventory:

Hand Weapons
 d - the +7 spear of Zylan (weapon) {flame, Str+2}
   (You bought it in a shop on level 1 of the Dungeon)

   It burns those it strikes, dealing additional fire damage.
   Str:       It affects your strength (+2).
Missiles
 j - 6 atropa-tipped darts
 n - a throwing net
Jewellery
 f - a +4 ring of evasion (left tentacle)
 k - a ring of willpower (right tentacle)
Scrolls
 h - 3 scrolls of immolation
 l - a scroll of teleportation
Potions
 a - 2 potions of mutation
 b - a potion of magic
 c - a potion of cancellation {unknown}
 e - 3 potions of might
 g - a potion of heal wounds {unknown}
 i - 3 potions of flight {unknown}
 m - a potion of attraction {unknown}


   Skills:
 + Level 2.8 Fighting
 + Level 1.4 Polearms
 + Level 3.6 Dodging
 - Level 2.6 Stealth
 - Level 2.4 Spellcasting
 + Level 2.7 Conjurations
 + Level 3.4 Transmutations
 + Level 3.1 Air Magic
 - Level 4.1 Poison Magic


You had 4 spell levels left.
You knew the following spells:

 Your Spells              Type           Power      Damage    Failure   Level
a - Sting                 Tmut/Pois      64%        1d6       3%          1
b - Poisonous Vapours     Pois/Air       32%        N/A       5%          2
c - Mephitic Cloud        Conj/Pois/Air  14%        N/A       12%         3

Your spell library contained the following spells:

 Spells                   Type           Power      Damage    Failure   Level
 Wereblood                Tmut           15%        N/A       6%          2
 Sublimation of Blood     Necr           2%         N/A       24%         2
 Olgreb's Toxic Radiance  Pois           18%        N/A       28%         4
 Fireball                 Conj/Fire      3%         3d4       95%         5
 Starburst                Conj/Fire      3%         6d3       100%        6
 Summon Hydra             Summ           1%         N/A       100%        7
 Ignition                 Fire           1%         3d3       100%        8


Dungeon Overview and Level Annotations

Branches:
Dungeon (5/15)
 Temple: D:4-7

Altars:
Okawaru
Qazlal
Ru
Yredelemnul

Shops:
D:1 (


Innate Abilities, Weirdness & Mutations

You cannot wear most types of armour.
You are amphibious.
You can wear up to eight rings at the same time.
Your skin changes colour to match your surroundings (Stealth+).
Your rubbery body absorbs attacks. (AC +1, EV +1)
((You are camouflaged when in or above water. (Stealth+)))
You have tentacles for arms and can constrict up to eight enemies at once.


Message History

You reach to attack!
You puncture the gnoll shaman! You burn the gnoll shaman.
The gnoll shaman is severely wounded.
A gnoll comes into view. It is wielding a +0 halberd.
The gnoll shaman calls upon its god to speed up the gnoll.
The gnoll seems to speed up.
The adder hisses angrily.
The gnoll shouts!
You completely miss the gnoll shaman. Your grab misses the gnoll shaman.
The gnoll shaman is almost dead.
The gnoll drinks a potion.
The gnoll flickers and vanishes!
Deactivating autopickup; reactivate with Ctrl-A.
The gnoll shaman mumbles some strange prayers to its god against you.
You are outlined in light.
You hit the gnoll shaman. You burn the gnoll shaman.
Your grab misses the gnoll shaman.
The gnoll shaman is almost dead.
The gnoll hits you with a +0 whip.
The gnoll shaman mumbles some strange prayers to its god.
The gnoll shaman is healed somewhat.
The gnoll closely misses you.
You puncture the gnoll shaman! You burn the gnoll shaman.
You kill the gnoll shaman!
An ice beast comes into view.
The gnoll hits you with a +0 whip.
Casting: Sting (safe; 3% risk of failure)
Confirm with . or Enter, or press ? or * to list all spells.
Aiming: Poisonous Vapours (safe; 5% risk of failure)
Press: ? - help, Dir - move target, f - adder
Aim: an adder Poisonous vapours surround the adder!
The adder is poisoned.
The adder completely misses you. The gnoll hits you with a +0 whip.
The adder bites you. The gnoll barely misses you.
It was a potion of might.
You feel very mighty all of a sudden. Something hits you!
* * * LOW HITPOINT WARNING * * *
The gnoll hits you with a +0 whip!
* * * LOW HITPOINT WARNING * * *
The adder closely misses you.
It was a potion of magic.
Magic courses through your body. The gnoll hits you with a +0 whip.
You die...

#....# ##§##.# #§§§#.#
##########§.§#.#
#........#≈§§#.. #.
#........#≈.≈###
#.#####........#≈.≈###
#.Y.g..........#≈.≈#..
#S@)).......#§.≈#..
#.##........#≈.§#.# ##
######...#§§§###
##..##.## ##....####
#..####.. #..# #..
....# #.# ####.# #..


You could see an ice beast, a gnoll (fast) and an adder (poisoned).

Vanquished Creatures
  Grinder (D:5)
  A water moccasin (D:4)
  A howler monkey (D:5)
  A hound (D:4)
  A gnoll shaman (D:5)
  An orc priest (D:3)
  An orc wizard (D:5)
  4 adders
  7 gnolls
  An adder skeleton (D:4)
  10 orcs
  4 bats
  6 endoplasms
  5 goblins
  5 hobgoblins
  4 jackals (D:3)
  5 ball pythons
  5 kobolds
  5 rats
68 creatures vanquished.

Vanquished Creatures (others)
  6 fungi (D:5)
6 creatures vanquished.

Grand Total: 74 creatures vanquished

Notes
Turn   | Place    | Note
-------+----------+-------------------------------------------
     0 | D:1      | Ijustatesigmund the Octopode Venom Mage began the quest for
                  | the Orb.
     0 | D:1      | Reached XP level 1. HP: 11/11 MP: 3/3
   489 | D:1      | Reached XP level 2. HP: 17/17 MP: 1/5
   492 | D:1      | Learned a level 2 spell: Poisonous Vapours
   548 | D:1      | Found a faded altar of an unknown god.
  1046 | D:1      | Found Dialit's Antique Weapon Shop.
  1348 | D:2      | Reached skill level 4 in Poison Magic
  1616 | D:2      | Reached XP level 3. HP: 17/21 MP: 2/6
  1620 | D:2      | Learned a level 3 spell: Mephitic Cloud
  1891 | D:2      | Identified a scroll of acquirement
  1891 | D:2      | Acquired 820 gold pieces
  1955 | D:1      | Bought a twisted spear for 160 gold pieces
  1955 | D:1      | Identified the +7 spear of Zylan {flame, Str+2} (You bought
                  | it in a shop on level 1 of the Dungeon)
  2240 | D:3      | Reached skill level 1 in Air Magic
  2409 | D:3      | Found a sacrificial altar of Ru.
  2409 | D:3      | Found a stormy altar of Qazlal.
  2409 | D:3      | Found an iron altar of Okawaru.
  2410 | D:3      | Found a basalt altar of Yredelemnul.
  2735 | D:3      | Reached XP level 4. HP: 20/27 MP: 4/7
  2893 | D:3      | Reached skill level 1 in Conjurations
  2897 | D:3      | Reached skill level 1 in Fighting
  3075 | D:4      | Reached XP level 5. HP: 33/33 MP: 8/8
  3733 | D:4      | Noticed a water moccasin
  3738 | D:4      | Killed a water moccasin
  3739 | D:4      | Reached XP level 6. HP: 33/39 MP: 7/9
  4127 | D:5      | Entered Level 5 of the Dungeon
  4247 | D:5      | Noticed Grinder
  4252 | D:5      | Killed Grinder
  4253 | D:5      | Reached skill level 1 in Polearms
  4253 | D:5      | Reached XP level 7. HP: 32/45 MP: 10/10
  4490 | D:5      | Slain by a gnoll

Illustrated notes

Levels and vault maps discovered:
D:1:      zaba_arrival_water, layout_loops_corners,
          ebering_ecumenical_altar_webs, serial_shops, shop, glass_columns_b,
          minmay_tiny_reverse_x
D:2:      layout_basic
D:3:      layout_basic, chequers_temple_overflow_statue_of_worship,
          kennysheep_small_spiral, minmay_misc_feat_nine_boxes, minmay_distorted
D:4:      layout_loops_corners
D:5:      layout_loops_ring, lemuel_tele_altar, minmay_temple_entry_grid,
          serial_aquarium, aquarium_bridge_island_small
          [aquarium_subvault_small_open, aquarium_subvault_wall,
          aquarium_subvault_bridge, aquarium_subvault_bridge,
          aquarium_subvault_bridge], aquarium_bridge_square
          [aquarium_subvault_wall, aquarium_subvault_window,
          aquarium_subvault_bridge, aquarium_subvault_bridge],
          aquarium_window_1, aquarium_window_fake, aquarium_window_1,
          aquarium_window_2, aquarium_view_2e, aquarium_view_2a,
          aquarium_balcony_5b, kennysheep_crisscross, glass_columns_c,
          grunt_ministairs_5, amcnicky_mini_rare_corridor_liquid, uniq_grinder

Skill      XL: |  1  2  3  4  5  6 |
---------------+-------------------+-----
Poison Magic   | 4 |  4.1
Air Magic      | 1 2 3 |  3.1
Transmutations | 2 3 |  3.4
Conjurations   | 1 2 |  2.7
Fighting       | 1 2 |  2.8
Dodging        | 3 |  3.6
Polearms       | 1 |  1.4
Stealth        | |  2.6
Spellcasting   | |  2.4

Action                   |  1- 3 |  4- 6 |  7- 9 || total
-------------------------+-------+-------+-------++-------
Melee: Unarmed           |    19 |       |       ||    19
       Constrict         |     9 |    10 |       ||    19
       Tentacles         |     6 |     9 |       ||    15
       Whip              |     8 |       |       ||     8
       Spear             |    19 |    53 |    10 ||    82
       Punch             |       |     1 |       ||     1
 Cast: Sting             |    26 |     3 |     1 ||    30
       Poisonous Vapours |    13 |    11 |     4 ||    28
  Use: Scroll            |     7 |     3 |       ||    10
       Potion            |       |       |     2 ||     2
 Stab: Sleeping          |     3 |     1 |       ||     4
Armor: Skin              |     7 |     2 |       ||     9
Dodge: Dodged            |    35 |    16 |     7 ||    58
